[Event "*** Titled Tuesday Blitz"]
[Site "Chess.com"]
[Date "2019.01.01"]
[Round "4"]
[White "farzadbfd"]
[Black "joppie2"]
[Result "0-1"]
[WhiteElo "2495"]
[BlackElo "2742"]
[TimeControl "180+2"]
[EndTime "13:55:19 PST"]
[Termination "joppie2 won on time"]

1. e4 e6 2. d4 d5 3. exd5 Qxd5 4. Nf3 Nf6 5. Nc3 Qd8 6. Be2 Nbd7 7. O-O Bd6 8. Bg5 h6 9. Bh4 O-O 10. a4 a5 11. Nb5 Be7 12. Bg3 Ne8 13. Re1 c6 14. Na3 b6 15. Ne5 Bb7 16. Nxd7 Qxd7 17. Nc4 Qd8 18. Bf3 Nd6 19. Ne5 Rc8 20. c3 Nf5 21. Bf4 Bg5 22. Qd2 Bxf4 23. Qxf4 Qc7 24. Rad1 Rfd8 25.
Be4 Nd6 26. Bb1 c5 27. Rd3 Nf5 28. dxc5 bxc5 29. Rxd8+ Rxd8 30. Bxf5 exf5 31. Qxf5 Re8 32. Nf3 Rxe1+ 33. Nxe1 Qe7 34. Nf3 Qe2 35. h3 Qxb2 36. Qxc5 Qa1+ 37. Kh2 Qxa4 38. Qc7 Qb5 39. c4 Qb4 40. c5 Be4 41. c6 Qc5 42. Qd8+ Kh7 43. c7 Bb7 44. Qb8 Qd6+ 45. Kg1 Qc6 46. Kf1 Qc1+ 47. Ke2 Ba6+ 0-1

[Event "*** Titled Tuesday Blitz"]
[Site "Chess.com"]
[Date "2019.01.01"]
[Round "4"]
[White "Andrew-FB00"]
[Black "GremioPrudente"]
[Result "1/2-1/2"]
[WhiteElo "1805"]
[BlackElo "2012"]
[TimeControl "180+2"]
[EndTime "13:55:19 PST"]
[Termination "Game drawn by agreement"]

1. e4 e6 2. d4 d5 3. exd5 exd5 4. Bd3 Bd6 5. Qf3 Nf6 6. h3 Nc6 7. Ne2 O-O 8. Bg5 Be7 9. c3 Ne4 10. Bxe7 Qxe7 11. Nd2 Re8 12. O-O-O Bd7 13. Nf4 Nxd2 14. Rxd2 Be6 15. Nxd5 Bxd5 16. Qxd5 Rad8 17. Qf5 g6 18.
Qf3 Qe6 19. Kb1 Na5 20. Rhd1 b6 21. Bb5 c6 22. Bd3 Nc4 23. Bxc4 Qxc4 24. Qd3 Qxd3+ 25.
Rxd3 Re2 26. R1d2 Rde8 27. Kc2 Kg7 28. Rxe2 Rxe2+ 29. Rd2 Re1 30. Kd3 Kf6 31. Re2 Ra1 32.
a3 Rb1 33. Ke4 Ke6 34. g3 f6 35. Kd3+ Kd6 36. c4 Rd1+ 37. Rd2 Rc1 38. h4 a6 39. Rc2 Rd1+ 40. Rd2 Rc1 41. Re2 Rd1+ 42. Kc3 Rc1+ 43. Rc2 Rd1 44. Rd2 Rc1+ 45. Kd3 h6 1/2-1/2

[Event "*** Titled Tuesday Blitz"]
[Site "Chess.com"]
[Date "2019.01.01"]
[Round "4"]
[White "Blitzstream"]
[Black "mishanick"]
[Result "0-1"]
[WhiteElo "2557"]
[BlackElo "2990"]
[TimeControl "180+2"]
[EndTime "13:55:22 PST"]
[Termination "mishanick won by resignation"]

1. e4 c5 2. Nf3 d6 3. d4 cxd4 4. Nxd4 Nf6 5. Nc3 a6 6. Rg1 e5 7. Nb3 Be6 8. g4 d5 9. g5 Nxe4 10. Nxe4 dxe4 11. Qxd8+ Kxd8 12. Be3 Nc6 13. O-O-O+ Kc7 14. Bg2 Bf5 15. Nd2 h6 16. h4 hxg5 17. hxg5 Nb4 18.
Nc4 Re8 19. a3 Nc6 20. Bb6+ Kc8 21. Rge1 Rh4 22. Rd2 Rg4 23. Bh3 Rxg5 24. Bxf5+ Rxf5 25. Rxe4 Rf4 26. Rxf4 exf4 27. b4 g5 28. f3 Re1+ 29.
Kb2 Rf1 30. c3 Rxf3 31. Ne5 Rg3 32. Nxc6 bxc6 33. Rd8+ Kb7 34. Rxf8 Kxb6 35. a4 a5 36. Rxf7 axb4 37. cxb4 Rf3 38. Rg7 Rg3 39. Rf7 f3 40.
Kb3 f2+ 41. Kb2 Rg2 42. Kb3 g4 43. Rf6 g3 44. a5+ Kc7 45. Rf7+ Kd6 46. a6 Rg1 47. a7 Ra1 48. Kb2 Rxa7 0-1

[Event "*** Titled Tuesday Blitz"]
[Site "Chess.com"]
[Date "2019.01.01"]
[Round "4"]
[White "kayamarley"]
[Black "WorldChampionBulletChess"]
[Result "1-0"]
[WhiteElo "1950"]
[BlackElo "2091"]
[TimeControl "180+2"]
[EndTime "13:55:29 PST"]
[Termination "kayamarley won by resignation"]

1. e4 d5 2. exd5 Qxd5 3. Nc3 Qd8 4. d4 Nf6 5. Nf3 e6 6. g3 b6 7. Bg2 Bb7 8. O-O Be7 9. h3 O-O 10. Bf4 Nbd7 11. Qe2 c5 12. dxc5 Nxc5 13. Rad1 Qc8 14. Ne5 Ba6 15. Nd3 Bb7 16. Nxc5 Bxc5 17. Bxb7 Qxb7 18.
Rd3 h6 19. Rfd1 Rac8 20. Be5 Be7 21. Bxf6 Bxf6 22. Rd7 Qc6 23. R1d6 Qc5 24. Ne4 Qxc2 25. Nxf6+ gxf6 26. Qg4+ Kh8 27. Qh4 Qc1+ 28. Kg2 Qg5 29. Qxg5 fxg5 30. Rxa7 Rc2 31. Rxb6 Kg8 32. Rbb7 Rd8 33.
Rxf7 Rdd2 34. Rg7+ Kh8 35. Rh7+ Kg8 36. Rhf7 Rxb2 37.
a4 Ra2 38. Rf6 Re2 39. a5 e5 40. g4 e4 41. a6 e3 42. Re7 Rxf2+ 43. Rxf2 exf2 44. a7 Kf8 45. Rb7 f1=Q+ 46. Kxf1 Ra1+ 47. Ke2 Ra2+ 48. Ke3 Ra3+ 49. Ke4 Ra4+ 50. Kf5 Ra5+ 51. Kg6 Ra6+ 52. Kh7 h5 53. gxh5 Rxa7 54. Rxa7 1-0

[Event "*** Titled Tuesday Blitz"]
[Site "Chess.com"]
[Date "2019.01.01"]
[Round "4"]
[White "GeorgMeier"]
[Black "Fins0905"]
[Result "1-0"]
[WhiteElo "2816"]
[BlackElo "2574"]
[TimeControl "180+2"]
[EndTime "13:55:30 PST"]
[Termination "GeorgMeier won by resignation"]

1. Nf3 d5 2. g3 c6 3. Bg2 Bg4 4.
O-O Nd7 5. h3 Bh5 6. d3 e5 7. c4 dxc4 8. d4 exd4 9. Qxd4 Ngf6 10. Qxc4 Be7 11. Nh4 O-O 12. Nc3 Qa5 13. a3 Nb6 14.
Qb3 Rfe8 15. e4 Bf8 16. Qc2 Bg6 17. Nxg6 hxg6 18. Bf4 Nc4 19. b4 Qh5 20. g4 Qh4 21.
Bg3 Qh6 22. Rfd1 Rad8 23. Qb3 Nd2 24. Qc2 Nc4 25. Rd3 b5 26. Ne2 Rxd3 27. Qxd3 Qd2 28.
Qxd2 Nxd2 29. e5 Nfe4 30. Bh2 f5 31. Nd4 c5 32. Nxb5 cxb4 33. axb4 Bxb4 34. Bxe4 Nxe4 35. Kg2 a5 36. f3 Nc3 37. Nd6 Bxd6 38. exd6 Re2+ 39.
Kh1 a4 40. Bf4 Rf2 41. d7 Rxf3 42. d8=Q+ Kh7 43. Qh4+ 1-0

[Event "*** Titled Tuesday Blitz"]
[Site "Chess.com"]
[Date "2019.01.01"]
[Round "4"]
[White "platy3"]
[Black "HonzaVykouk"]
[Result "0-1"]
[WhiteElo "2806"]
[BlackElo "2654"]
[TimeControl "180+2"]
[EndTime "13:55:31 PST"]
[Termination "HonzaVykouk won by resignation"]

1. e4 c5 2. Nf3 d6 3. d4 cxd4 4. Nxd4 Nf6 5. Nc3 a6 6. Bg5 e6 7.
f4 h6 8. Bh4 Qb6 9. a3 Nbd7 10.
Bf2 Qc7 11. Qf3 b5 12. O-O-O Bb7 13. g4 g5 14. h4 gxf4 15. Be2 h5 16. g5 Ng4 17.
Kb1 Rc8 18. Be1 Nc5 19. Nb3 Nxe4 20. Qxf4 Bg7 21. Rh3 Be5 22. Qf1 Qb6 23. Nxe4 Bxe4 24. Bd3 Bd5 25. g6 f5 26. Bxf5 O-O 27. Rxd5 Rxf5 28.
Qd3 Qg1 29. Qe4 Nf2 30. Qe2 Nxh3 31. Rd1 Qg4 32. Qd2 Qxg6 33. Qa5 Rf1 34. Rc1 Rxe1 35.
Qxe1 Nf4 36. Qf2 Kh7 37. Qf3 Rc7 38. Qe3 Nd5 39. Qf2 Qf6 40. Qe2 Nf4 41. Qe4+ Kh6 42. Rf1 Qf5 43. Nd2 Qxe4 44. Nxe4 Rg7 45. Ng5 Rxg5 46.
hxg5+ Kxg5 47. a4 bxa4 48. Kc1 h4 0-1

[Event "*** Titled Tuesday Blitz"]
[Site "Chess.com"]
[Date "2019.01.01"]
[Round "4"]
[White "Jbd735"]
[Black "mouseWLZ"]
[Result "0-1"]
[WhiteElo "2479"]
[BlackElo "2345"]
[TimeControl "180+2"]
[EndTime "13:55:32 PST"]
[Termination "mouseWLZ won on time"]

1. e4 e6 2. d4 d5 3. Nc3 Nf6 4. Bg5 Bb4 5. e5 h6 6. Bd2 Bxc3 7. bxc3 Ne4 8. Qg4 Kf8 9. Bd3 Nxd2 10. Kxd2 c5 11.
Nf3 Nc6 12. Rhb1 c4 13. Be2 Rb8 14. a4 a6 15. h4 b5 16. axb5 axb5 17. h5 Bd7 18.
Qf4 Qe7 19. g4 Kg8 20. Rg1 b4 21. g5 bxc3+ 22. Ke3 Nb4 23. Bd1 Kf8 24. Ra7 Nc6 25.
Rc7 Rc8 26. Rb7 Nd8 27. Nh4 Ke8 28. gxh6 gxh6 29. Ra7 Nc6 30. Rb7 Rb8 31. Rxb8+ Nxb8 32. Rg7 Qf8 33. Qf6 Bc8 34. Rxf7 Qxf7 35. Qxh8+ Kd7 36.
Qxh6 Nc6 37. Ng6 Nxd4 38. Kxd4 Kc6 39. Qf4 Qa7+ 40. Kxc3 Qa5+ 41. Kb2 Qb4+ 42. Kc1 Qc3 0-1

[Event "*** Titled Tuesday Blitz"]
[Site "Chess.com"]
[Date "2019.01.01"]
[Round "4"]
[White "oskariot"]
[Black "penguingm1"]
[Result "1-0"]
[WhiteElo "2560"]
[BlackElo "2807"]
[TimeControl "180+2"]
[EndTime "13:55:33 PST"]
[Termination "oskariot won by resignation"]

1. c4 e6 2. g3 d5 3. Bg2 Nf6 4. Nf3 Be7 5. b3 O-O 6. O-O c5 7. e3 Nc6 8. Bb2 b6 9. Nc3 dxc4 10.
bxc4 Bb7 11. Qe2 Qc7 12. d3 Rfd8 13. Rad1 a6 14. Ng5 b5 15. Nce4 Nxe4 16. Nxe4 Ne5 17.
f4 Nd7 18. f5 e5 19. g4 h6 20. Qf2 Rab8 21. Ba1 Bxe4 22. Bxe4 Nf6 23. Bf3 bxc4 24. dxc4 e4 25. Be2 Bd6 26. Qg2 Be5 27. Bxe5 Qxe5 28.
h4 Qc3 29. Qf2 Nh7 30. Qf4 f6 31. Qxe4 Re8 32. Qd5+ Kh8 33. Rd3 Qb2 34. Rf2 Qxa2 35. g5 fxg5 36. Bh5 Rf8 37. Rxa2 Nf6 38. Qf3 gxh4 39.
Bg6 Ng8 40. Rxa6 Ne7 41. Qg4 Rb1+ 42. Kg2 Rfb8 43. Ra2 Nc6 44. Rad2 Rf8 45. Qxh4 Rbb8 46. Rd7 Rf6 47. Rxg7 Kxg7 48. Rd7+ 1-0

[Event "*** Titled Tuesday Blitz"]
[Site "Chess.com"]
[Date "2019.01.01"]
[Round "4"]
[White "guillembaches"]
[Black "PlotnikovPavel"]
[Result "1/2-1/2"]
[WhiteElo "2340"]
[BlackElo "2382"]
[TimeControl "180+2"]
[EndTime "13:55:33 PST"]
[Termination "Game drawn by repetition"]

1. e4 e6 2. d4 d5 3. exd5 exd5 4.
Nf3 Bd6 5. c4 c6 6. Nc3 Ne7 7.
Bd3 dxc4 8. Bxc4 O-O 9. O-O Nd7 10. Bg5 Qc7 11. Re1 Nb6 12. Bb3 Bg4 13. h3 Bh5 14.
g4 Bg6 15. Ne5 Kh8 16. Bxe7 Bxe7 17. Rc1 Bg5 18. Nxg6+ fxg6 19. Rc2 Rad8 20. Ne4 Bh4 21. Ree2 Nd5 22. Bxd5 Rxd5 23. Nc5 Qf7 24. Qd3 h6 25. Ne6 Re8 26. Nf4 Rxe2 27. Nxg6+ Qxg6 28. Qxg6 Bxf2+ 29. Kg2 Rxc2 30. Qxc2 Bxd4 31. Qg6 Bf6 32. Qe8+ Kh7 33. Qe4+ Kh8 34. Qe8+ Kh7 35. Qe4+ g6 36. b3 Rd7 37. Qe6 Rd2+ 38. Kf3 Bg7 39. h4 Rxa2 40. h5 gxh5 41. gxh5 Ra5 42. Qg6+ Kh8 43. Qe8+ Kh7 44. Qg6+ Kh8 45.
Qe8+ Kh7 46. Qg6+ 1/2-1/2

[Event "*** Titled Tuesday Blitz"]
[Site "Chess.com"]
[Date "2019.01.01"]
[Round "4"]
[White "andresgv36"]
[Black "Samuray111"]
[Result "1-0"]
[WhiteElo "2380"]
[BlackElo "2604"]
[TimeControl "180+2"]
[EndTime "13:55:33 PST"]
[Termination "andresgv36 won by checkmate"]

1. d4 Nf6 2. Bf4 g6 3. Nc3 d5 4. e3 Bg7 5. h4 h5 6. Nf3 O-O 7.
Ne5 c5 8. Be2 cxd4 9. exd4 Nc6 10. Qd2 Bf5 11. f3 Nb4 12. Rc1 Qb6 13. g4 hxg4 14. fxg4 Ne4 15. Nxe4 Bxe4 16. Rh3 Nc6 17. Nd7 Qxd4 18. Qxd4 Bxd4 19. Nxf8 Rxf8 20. c3 Bg7 21. Bf3 e5 22. Bd2 Bxf3 23. Rxf3 e4 24. Rg3 Ne5 25. Ke2 Nd3 26. Rb1 Be5 27. Rgg1 Kh7 28.
h5 gxh5 29. Rh1 Rg8 30. Rxh5+ Kg7 31. Rf1 Kf8 32. Rhf5 Rxg4 33. Rxf7+ Ke8 34. Rxb7 Rg2+ 35. Kd1 Nf2+ 36. Kc2 Ng4 37. Kc1 e3 38. Be1 Nf6 39. Rf5 Ng4 40. Rg5 Rg1 41. Rg8# 1-0

[Event "*** Titled Tuesday Blitz"]
[Site "Chess.com"]
[Date "2019.01.01"]
[Round "4"]
[White "tomozupan"]
[Black "MikeSailer"]
[Result "1-0"]
[WhiteElo "2207"]
[BlackElo "2115"]
[TimeControl "180+2"]
[EndTime "13:55:33 PST"]
[Termination "tomozupan won on time"]

1. d4 d5 2. c4 c6 3. Nc3 Nf6 4. cxd5 cxd5 5. Nf3 Nc6 6. Bf4 a6 7. Ne5 Bd7 8. e3 e6 9. Bd3 Bb4 10. O-O O-O 11. Na4 Nxe5 12. Bxe5 Bxa4 13. Qxa4 Bd6 14. f4 Ne4 15. Bxe4 dxe4 16. Qc2 f5 17. Qb3 Qd7 18. Rac1 Bxe5 19. fxe5 Rfc8 20. Rcd1 g6 21. d5 exd5 22. Rxd5 Qf7 23. e6 Qf6 24. Rd7 Re8 25.
e7+ Qf7 26. Qxb7 Rab8 27. Qc7 Rxb2 28. Rfd1 f4 29. exf4 Qxa2 30. f5 Rxg2+ 31. Kh1 Rc2 32. Qe5 Qb3 33. Qxe4 Rc4 34. Qd5+ Kg7 35. f6+ Kh6 36.
Rd8 Qxd1+ 37. Qxd1 Rc1 38. Qxc1+ 1-0

[Event "*** Titled Tuesday Blitz"]
[Site "Chess.com"]
[Date "2019.01.01"]
[Round "4"]
[White "Kira170"]
[Black "nurgyulsalimova"]
[Result "0-1"]
[WhiteElo "2616"]
[BlackElo "2478"]
[TimeControl "180+2"]
[EndTime "13:55:34 PST"]
[Termination "nurgyulsalimova won by resignation"]

1. d4 Nf6 2. Nc3 d5 3. Bf4 g6 4. e3 Bg7 5. h4 h5 6. Nf3 Bg4 7.
Be2 O-O 8. Ne5 Bxe2 9. Qxe2 Nbd7 10. O-O-O c6 11. f3 Nxe5 12. Bxe5 b5 13. g4 hxg4 14.
fxg4 b4 15. Na4 Qa5 16. b3 Ne4 17. Qh2 Bxe5 18. Qxe5 Qd8 19. Rdf1 Qd6 20. Qxd6 exd6 21. Nb2 Ng3 22. Nd3 a5 23. h5 Nxf1 24. Rxf1 Kg7 25.
Nf4 Rae8 26. Kd2 g5 27. Ne2 Re4 28. Rg1 Kh6 29. Rg2 f5 30. gxf5 Rh4 31. Rf2 Rxh5 32. e4 dxe4 33. d5 Rh3 34. Rg2 cxd5 35. Nd4 Rh4 36. Ke3 Rh3+ 37. Kd2 Rf6 38. Ke2 Kh5 39. Kd2 g4 40. Ne6 Kh4 41. Nf4 Rxf5 42. Ng6+ Kg5 43. Ne7 Re5 44. Nc6 Rf5 45. Ne7 Rff3 46. Nxd5 g3 0-1

[Event "*** Titled Tuesday Blitz"]
[Site "Chess.com"]
[Date "2019.01.01"]
[Round "4"]
[White "MFBerna"]
[Black "Supernotar"]
[Result "1-0"]
[WhiteElo "2330"]
[BlackElo "2413"]
[TimeControl "180+2"]
[EndTime "13:55:36 PST"]
[Termination "MFBerna won by checkmate"]

1. e4 c6 2. d4 d5 3. exd5 cxd5 4. Bd3 Nc6 5. c3 Qc7 6. h3 g6 7. Nf3 Bg7 8. O-O Nh6 9. Re1 Bf5 10. Bxh6 Bxh6 11.
Bxf5 gxf5 12. Nh4 O-O-O 13. Qh5 Bf4 14. Qxf5+ e6 15. Qh5 Rdg8 16. Nf3 Rg6 17. Nh4 Rg5 18. Qf3 Rhg8 19. Na3 a6 20. Nc2 Ne7 21. Ne3 Ng6 22.
Nxg6 R8xg6 23. Re2 Bxe3 24. fxe3 Rf5 25. Qxf5 exf5 26. Rf1 Rg5 27. Rf3 Qd6 28. Ref2 Qg6 29. Kh2 h5 30. b3 b5 31. Rf4 Kd7 32. R4f3 Ke6 33. Rf4 f6 34. R4f3 h4 35. Rf4 Qh5 36. R2f3 Rg3 37. Rxh4 Qxh4 38. Rxg3 f4 39. Rg4 Qf2 40.
exf4 Qxa2 41. b4 Qd2 42. h4 Qxc3 43. h5 Qxd4 44. f5+ Ke5 45. Rxd4 Kxd4 46. h6 Kc3 47. h7 d4 48. h8=Q d3 49. Qxf6+ Kc2 50. Qc6+ Kb2 51.
Qd5 Kc2 52. f6 d2 53. f7 d1=Q 54. Qxd1+ Kxd1 55. f8=Q Kc2 56. Qc8+ Kb3 57. Qxa6 Kxb4 58. Qa2 Kc3 59. Qb1 b4 60. g4 b3 61. g5 b2 62. g6 Kb3 63. g7 Ka3 64. g8=Q Ka4 65.
Qxb2 Ka5 66. Qa8# 1-0

[Event "*** Titled Tuesday Blitz"]
[Site "Chess.com"]
[Date "2019.01.01"]
[Round "4"]
[White "Boundless_Strike"]
[Black "evgenyermolaev"]
[Result "0-1"]
[WhiteElo "2461"]
[BlackElo "2475"]
[TimeControl "180+2"]
[EndTime "13:55:40 PST"]
[Termination "evgenyermolaev won by resignation"]

1. e4 c5 2. d4 cxd4 3. c3 d3 4. c4 g6 5. Bxd3 Bg7 6. Ne2 Nc6 7. O-O Nf6 8. Nbc3 O-O 9. f3 d6 10. Be3 Be6 11. Rc1 Rc8 12. b3 Nd7 13. Qd2 Nc5 14. Bb1 Bd7 15. Bh6 Qa5 16. Bxg7 Kxg7 17. Kh1 Ne6 18. f4 Qc5 19. Rcd1 a6 20. f5 Nc7 21.
Nd5 Nxd5 22. exd5 Ne5 23. Qf4 b5 24. Ng3 f6 25. Ne4 Qb4 26. fxg6 hxg6 27. c5 dxc5 28. d6 c4 29. Ng5 exd6 30. Ne4 c3 31. a3 Qxa3 32.
Nxd6 c2 33. Bxc2 Rxc2 34. Ne4 Bc6 35. h4 Qb4 36. Rde1 Nd3 37. Qc7+ Rf7 38. Qg3 Nxe1 39.
Nxf6 Bxg2+ 40. Kg1 Qd4+ 41. Kh2 0-1

[Event "*** Titled Tuesday Blitz"]
[Site "Chess.com"]
[Date "2019.01.01"]
[Round "4"]
[White "Babas"]
[Black "ChainsOfFantasia"]
[Result "1-0"]
[WhiteElo "2275"]
[BlackElo "2414"]
[TimeControl "180+2"]
[EndTime "13:55:41 PST"]
[Termination "Babas won by checkmate"]

1. d4 Nf6 2. Bg5 Ne4 3. Bf4 g5 4. Bc1 g4 5. f3 gxf3 6. gxf3 Nd6 7. e4 b6 8. Bd3 e6 9. Be3 Bh6 10. Bf2 Qg5 11. Ne2 Qg2 12. Ng3 Rg8 13. Bf1 Rxg3 14.
Bxg2 Rxg2 15. b3 Nc6 16. c4 Bb7 17. Nc3 O-O-O 18. Ne2 f5 19. Ng3 fxe4 20. fxe4 Rf8 21. Rf1 Rxh2 22. a3 Na5 23. Qd3 Kb8 24. Ra2 Nc6 25. Rh1 Rxh1+ 26. Nxh1 e5 27. d5 Nd4 28. Bxd4 exd4 29. Rf2 Re8 30. Re2 Be3 31. Ng3 c5 32. dxc6 Bxc6 33. Rxe3 Kc7 34. Qxd4 Rg8 35. Nf5 Nb7 36.
Qe5+ Kd8 37. Qe7+ Kc8 38. Rg3 Rh8 39. Qf7 Kc7 40. Rg8 Nd8 41. Qg7 Rxg8 42. Qxg8 Bxe4 43. Qg3+ Kc6 44. Qd6+ Kb7 45. Qxd7+ Ka6 46. Nd6 Nb7 47. Qb5# 1-0

[Event "*** Titled Tuesday Blitz"]
[Site "Chess.com"]
[Date "2019.01.01"]
[Round "4"]
[White "GoingKronos"]
[Black "LastGladiator1"]
[Result "0-1"]
[WhiteElo "2349"]
[BlackElo "2630"]
[TimeControl "180+2"]
[EndTime "13:55:41 PST"]
[Termination "LastGladiator1 won on time"]

1. d4 Nf6 2. c4 c5 3. d5 e6 4. Nc3 exd5 5. cxd5 d6 6. Nf3 g6 7. Nd2 Nbd7 8. e4 Bg7 9. Be2 O-O 10. O-O Re8 11. a4 a6 12. Ra3 Ne5 13. Qc2 g5 14. h3 g4 15. f4 gxf3 16. Nxf3 Nxf3+ 17. Bxf3 Nd7 18. Nd1 Ne5 19. Be2 Bd7 20. Ne3 Ng6 21.
Bg4 Bxg4 22. Nxg4 Qe7 23. Raf3 Qxe4 24. Qxe4 Rxe4 25. Rxf7 Re7 26. Rxe7 Nxe7 27. Nf6+ Kh8 28. Bg5 Rf8 29. Re1 Ng6 30. Re6 Ne5 31. Rxd6 Nf7 32.
Ne4 Bd4+ 33. Kh1 Nxd6 34. Nxd6 Rf1+ 35. Kh2 Be5+ 36. g3 Bxd6 37. Kg2 Rf5 38. h4 Rxd5 39.
Bf6+ Kg8 40. Kf3 Rf5+ 41. Ke4 Rxf6 42. Kd5 Bxg3 0-1

[Event "*** Titled Tuesday Blitz"]
[Site "Chess.com"]
[Date "2019.01.01"]
[Round "4"]
[White "pawnhopper316"]
[Black "Winehouse83"]
[Result "0-1"]
[WhiteElo "2231"]
[BlackElo "2406"]
[TimeControl "180+2"]
[EndTime "13:55:42 PST"]
[Termination "Winehouse83 won by resignation"]

1. b4 e5 2. Bb2 Bxb4 3. Bxe5 Nf6 4. Nf3 d5 5. Bc3 Bd6 6. e3 O-O 7. Be2 Bf5 8. O-O c6 9. Be5 a5 10. Bxd6 Qxd6 11. d4 b5 12. Nbd2 a4 13. Ne5 Nbd7 14.
Nxd7 Nxd7 15. c3 Nb6 16. Qc1 a3 17. Nb3 Nc4 18. Nc5 Bg6 19. Bd3 Bxd3 20. Nxd3 Qg6 21. Nc5 f5 22. Qc2 Rae8 23. Rae1 Qg4 24. Qd1 Qh4 25. Qd3 Rf6 26. h3 g5 27. Nd7 Rh6 28. Qxf5 g4 29. Ne5 Nxe5 30. dxe5 gxh3 31. Qxh3 Qxh3 32.
gxh3 Rxe5 33. Kg2 Rg5+ 34. Kh2 Kf7 35. Rg1 Rf5 36. Re2 Rh4 37. Rg4 Rfh5 38. Rxh4 Rxh4 39. Kg3 Rc4 40. Rc2 b4 41. Kf3 Ke6 42. Ke2 bxc3 43.
Kd3 Ke5 44. f3 Rh4 45. Rxc3 Kd6 46. Rxa3 Rxh3 47. Ra8 Rh2 48. a4 h5 49. Rh8 h4 50. f4 h3 51. f5 Ke5 52. Rh5 Rh1 53. a5 h2 54. f6+ Kxf6 55. a6 Rd1+ 56. Kc2 h1=Q 57. Rxh1 Rxh1 0-1

[Event "*** Titled Tuesday Blitz"]
[Site "Chess.com"]
[Date "2019.01.01"]
[Round "4"]
[White "Lion_DL"]
[Black "ASVZ"]
[Result "0-1"]
[WhiteElo "2385"]
[BlackElo "2259"]
[TimeControl "180+2"]
[EndTime "13:55:46 PST"]
[Termination "ASVZ won by resignation"]

1. e4 e6 2. Nf3 d5 3. e5 c5 4. b4 cxb4 5. a3 d4 6. Bb2 Nc6 7. Bb5 Bd7 8. axb4 Bxb4 9. O-O Bc5 10. c3 Qb6 11. Qe2 d3 12. Qxd3 a6 13. Ba3 Qxb5 14.
Qe4 Nge7 15. d4 Bxa3 16. Nxa3 Qd5 17. Qg4 O-O 18. c4 Qa5 19. Nb5 Qd8 20. Nd6 Bc8 21.
h4 Nf5 22. c5 b6 23. Qe4 Qd7 24. g4 Nxd6 25. cxd6 Bb7 26. Ng5 f5 27. exf6 gxf6 28.
Nxe6 Rfe8 29. d5 Ne5 30. Qf5 Bxd5 31. Nc7 Nf3+ 32. Kg2 Qxf5 33. gxf5 Bc6 34. Kg3 Kf7 35.
Rfc1 Ne5 36. Rcb1 Rg8+ 37. Kf4 Rg4+ 38. Ke3 Re4+ 39. Kd2 Rd8 40. Rxb6 Rxd6+ 41. Kc3 Rc4+ 42. Kb3 a5 43. Rxa5 Ba4+ 44. Ka2 Rxb6 45. Nd5 Bb3+ 46. Ka3 Rb7 47. Ne3 Rc3 48. Kb2 Rxe3 49. fxe3 Nc4+ 50.
Kc3 Nxa5 51. e4 Rc7+ 52. Kb4 Rc4+ 53. Kxa5 Rxe4 54. h5 Bd1 0-1

[Event "*** Titled Tuesday Blitz"]
[Site "Chess.com"]
[Date "2019.01.01"]
[Round "4"]
[White "Alexey_Potapov"]
[Black "RajdeepS"]
[Result "1-0"]
[WhiteElo "2423"]
[BlackElo "2505"]
[TimeControl "180+2"]
[EndTime "13:55:47 PST"]
[Termination "Alexey_Potapov won by resignation"]

1. c4 b6 2. Nf3 Bb7 3. g3 Bxf3 4. exf3 c5 5. Bg2 Nc6 6. f4 e6 7. Nc3 g6 8. O-O Bg7 9. d3 Nge7 10. Rb1 O-O 11. a3 Rc8 12. Bd2 a5 13. Nb5 d5 14.
b3 Qd7 15. Qc2 Rfd8 16. Rfd1 Nf5 17. Bc3 Bxc3 18. Nxc3 Ncd4 19. Qb2 Ne7 20. h4 h5 21. Re1 b5 22. a4 b4 23. Nb5 dxc4 24. dxc4 Nef5 25.
Be4 Qe7 26. Rbd1 Qf6 27. Kg2 Nd6 28. Nxd4 cxd4 29. Qxd4 Nxe4 30. Qxe4 Qc3 31. Rxd8+ Rxd8 32. Re3 Qc1 33. Rd3 Rxd3 34. Qxd3 Qc3 35. Qe3 Kf8 36. Kf3 Qc2 37. Kg2 Ke7 38. Qc5+ Ke8 39. Qxa5 Qxb3 40.
Qb5+ Ke7 41. a5 Qa3 42. Qb7+ Kf6 43. a6 b3 44. a7 b2 45. Qxb2+ Qxb2 46. a8=Q Qd4 47.
Qc6 Ke7 48. Qc7+ Kf6 49. Qc6 Ke7 50. c5 Qd5+ 51. Qxd5 exd5 52. Kf3 Kd7 53. Ke3 Kc6 54. Kd4 f6 55. f5 gxf5 56. f4 1-0

[Event "*** Titled Tuesday Blitz"]
[Site "Chess.com"]
[Date "2019.01.01"]
[Round "4"]
[White "PrinceMurad09"]
[Black "nochewycandy"]
[Result "1-0"]
[WhiteElo "2484"]
[BlackElo "2253"]
[TimeControl "180+2"]
[EndTime "13:55:49 PST"]
[Termination "PrinceMurad09 won by checkmate"]

1. e4 g6 2. d4 Bg7 3. Nc3 d6 4. Be3 a6 5. Qd2 b5 6. f3 Nd7 7. g4 Bb7 8. h4 h6 9. O-O-O Rc8 10. Kb1 c5 11. Nge2 Qc7 12. dxc5 Nxc5 13. Bd4 Bxd4 14. Qxd4 Nf6 15. Bg2 Ne6 16. Qd2 Nd7 17. f4 Nb6 18. b3 b4 19. Nd5 Nxd5 20. exd5 Ng7 21. Nd4 Qc3 22. Qe2 h5 23. Rd3 Qc5 24. Re1 O-O 25. gxh5 Nxh5 26. Qg4 Bxd5 27. Bxd5 Qxd5 28. f5 Nf6 29.
Qf4 Rc3 30. Rd2 Nh5 31. Qg5 Rg3 32. Qxe7 Rc8 33. fxg6 Rxg6 34. Qe3 Qc5 35. Qf3 a5 36. Nf5 Qc3 37. Ne7+ Kg7 38. Qxc3+ bxc3 39. Rde2 Rc5 40. Nxg6 Kxg6 41. Rd1 d5 42. Re5 Nf4 43. Rf1 Ne6 44. h5+ Kh6 45. Rff5 Ng7 46. Rxd5 Rxd5 47. Rxd5 f5 48. Rd3 Kxh5 49. Rxc3 Kg4 50. Kc1 f4 51.
Kd1 f3 52. Ke1 Kg3 53. Rc5 Ne6 54. c3 Nf4 55. Rg5+ Kh4 56. Rg8 Nd3+ 57. Kf1 Nc1 58.
Kf2 Nxa2 59. Kxf3 Nxc3 60. Rg4+ Kh5 61. Rc4 Na2 62. Ra4 Nb4 63. Rxa5+ Kg6 64. Rb5 Nc6 65. Rb6 Kf5 66. Rxc6 Ke5 67. Rc1 Kd5 68. b4 Kd6 69. b5 Kd7 70. b6 Kd6 71. b7 Kd5 72. b8=Q Kd4 73. Qd6# 1-0

[Event "*** Titled Tuesday Blitz"]
[Site "Chess.com"]
[Date "2019.01.01"]
[Round "4"]
[White "idvidal"]
[Black "Bryakin_Mikhail"]
[Result "0-1"]
[WhiteElo "2479"]
[BlackElo "2690"]
[TimeControl "180+2"]
[EndTime "13:55:52 PST"]
[Termination "Bryakin_Mikhail won by resignation"]

1. d4 d5 2. Nf3 Nf6 3. c4 c6 4.
Nc3 a6 5. e3 b5 6. b3 Bg4 7. Be2 e6 8. O-O Bb4 9. Bb2 Nbd7 10. h3 Bh5 11. Ne5 Bxe2 12. Qxe2 Nxe5 13. dxe5 Nd7 14. cxd5 cxd5 15. Rfd1 Qa5 16. Nxd5 exd5 17. Qg4 Bc3 18. Qxg7 Rf8 19. Rxd5 Bxb2 20. Rad1 Ra7 21. Qxh7 Nxe5 22. Qc2 Qc3 23. Qf5 Qc7 24. Qf6 Nc6 25.
Qxb2 f6 26. Qc3 Rf7 27. Qd3 Ne5 28. Qf5 Kf8 29. Rd6 Kg7 30. f4 Ng6 31. Qg4 Kh7 32. f5 Nf8 33. Qh5+ Kg8 34. R6d4 Rg7 35. Rd8 Qf7 36.
Qf3 Re7 37. e4 Re8 38. Rxe8 Qxe8 39. Rd2 Nd7 40. Qc3 Ne5 41. Kh2 Qh5 42. Qc8+ Kh7 43. Qxa6 Qg5 44. Rf2 Nf3+ 45. Kh1 Qc1+ 0-1

[Event "*** Titled Tuesday Blitz"]
[Site "Chess.com"]
[Date "2019.01.01"]
[Round "4"]
[White "akhairat"]
[Black "Manukyan_Artak"]
[Result "0-1"]
[WhiteElo "2256"]
[BlackElo "2387"]
[TimeControl "180+2"]
[EndTime "13:55:52 PST"]
[Termination "Manukyan_Artak won on time"]

1. Nf3 d5 2. g3 Bg4 3. Bg2 Nd7 4. h3 Bh5 5. d4 e6 6. O-O Ngf6 7. Nbd2 c6 8. c4 Bd6 9. b3 O-O 10. Bb2 Qa5 11.
a3 Rad8 12. b4 Qc7 13. c5 Be7 14. Ne5 Nxe5 15. dxe5 Nd7 16. f4 f5 17. Nb3 b6 18.
cxb6 axb6 19. Rc1 c5 20. Qc2 Rc8 21. Nd4 Bf7 22. Nb5 Qb8 23. Qd2 Rfd8 24. g4 g6 25. Bf3 Be8 26. e3 Nf8 27. Be2 Rd7 28. Kh2 Rcd8 29. Rg1 Kf7 30. gxf5 exf5 31. Rcd1 Ne6 32.
Bf3 d4 33. exd4 Nxd4 34. Bxd4 cxd4 35. Qa2+ Kf8 36. e6 Qxf4+ 37. Kg2 Rd5 38. Bxd5 Bxb5 39.
Bf3 d3 40. Qd2 Qh4 41. Qf2 Qf6 42. Qxb6 Ba4 0-1

[Event "*** Titled Tuesday Blitz"]
[Site "Chess.com"]
[Date "2019.01.01"]
[Round "4"]
[White "ChessMavenYeti"]
[Black "ElenaPershina"]
[Result "1/2-1/2"]
[WhiteElo "2090"]
[BlackElo "1911"]
[TimeControl "180+2"]
[EndTime "13:55:52 PST"]
[Termination "Game drawn by agreement"]

1. d4 d5 2. c4 c6 3. e3 a6 4. Nf3 Nf6 5. Nc3 g6 6. Be2 Bg7 7. O-O O-O 8. b3 Bg4 9. Bb2 Bxf3 10. Bxf3 e6 11. Rc1 Nbd7 12. Na4 Rc8 13. Ba3 Re8 14. Nc5 Nxc5 15. dxc5 Nd7 16. cxd5 cxd5 17. b4 Ne5 18. Be2 Qh4 19. Qb3 Ng4 20. h3 Nf6 21. Bb2 Ne4 22.
Bxg7 Kxg7 23. Rcd1 Qf6 24. Rd4 Red8 25. Bd3 Nd2 26.
Qd1 Nxf1 27. Bxf1 Rc6 28. a3 Rdc8 29. Qa4 Rd8 30. Qa5 e5 31. Rd3 d4 32. exd4 Rxd4 33. Rf3 Rf4 34. Rxf4 Qxf4 35. Qd8 Rf6 36. f3 e4 37. Be2 Qe3+ 38. Kf1 exf3 39. Bxf3 Qc1+ 40. Kf2 Qxa3 41. Qd4 Qa2+ 42. Kg1 Qb1+ 43. Kh2 Qf5 44. Bxb7 Qe6 45. c6 Qe7 46. Bxa6 Qc7+ 47. Kh1 Qxc6 48. Bc4 Qd6 49. Qc3 1/2-1/2